 Dungeon Crawl Stone Soup version 0.25.0-45-g978344163c (webtiles) character file.

Game seed: 6097883616797748545

1409 Gwenloh the Cleaver (level 8, -6/71 HPs)
             Began as a Hill Orc Monk on July 11, 2020.
             Was a Believer of Beogh.
             Killed by divine providence
             ... invoked by an orc priest
              (14 damage)
             ... on level 7 of the Dungeon.
             The game lasted 00:21:09 (6249 turns).

Gwenloh the Cleaver (Hill Orc Monk)                 Turns: 6249, Time: 00:21:15

Health: -6/71      AC:  9    Str: 14    XL:     8   Next: 70%
Magic:  10/10      EV: 13    Int: 10    God:    Beogh [**....]
Gold:   270        SH:  0    Dex: 15    Spells: 7/7 levels left

rFire    + . .     SeeInvis .   a - +0 war axe
rCold    . . .     Gourm    .   (no shield)
rNeg     . . .     Faith    .   m - +0 ring mail
rPois    .         Spirit   .   (no helmet)
rElec    .         Reflect  .   D - +0 cloak
rCorr    .         Harm     .   f - +0 pair of gloves
MR       .....                  K - +0 pair of boots
Stlth    +.........             l - amulet of regeneration
HPRegen  0.61/turn              o - ring of protection from fire
MPRegen  0.12/turn              (no ring)

@: no status effects
A: no striking features
a: Smiting, Renounce Religion


You were on level 7 of the Dungeon.
You worshipped Beogh.
Beogh was pleased with you.
You were not hungry.

You visited 1 branch of the dungeon, and saw 7 of its levels.

You collected 270 gold pieces.

Inventory:

Hand Weapons
 a - a +0 war axe (weapon)
 b - a +0 hunting sling
 y - a +0 morningstar
 H - a +0 hand axe
Missiles
 e - 45 bolts
 k - 17 sling bullets
 v - 67 stones
 z - 4 silver boomerangs
 M - 2 silver javelins (quivered)
Armour
 f - a +0 pair of gloves (worn)
 g - a +0 chain mail
 i - a +0 scale mail
 m - a +0 ring mail (worn)
 t - a +0 robe
 D - a +0 cloak (worn)
 K - a +0 pair of boots (worn)
Jewellery
 l - an amulet of regeneration (around neck)
 o - a ring of protection from fire (left hand)
 q - an uncursed ring of ice
 x - an uncursed ring of wizardry
Wands
 h - a wand of acid (7)
 J - a wand of flame (11)
 L - a wand of enslavement (15)
Scrolls
 r - 3 scrolls of magic mapping
 s - 4 scrolls of remove curse
 u - 3 scrolls of teleportation {unknown}
 E - 2 scrolls of amnesia {unknown}
 F - a scroll of enchant armour {unknown}
 G - a scroll of identify
 N - a scroll of acquirement {unknown}
 O - a scroll of blinking {unknown}
 R - a scroll of fear {unknown}
Potions
 d - a potion of cancellation {unknown}
 j - a potion of mutation {unknown}
 n - 2 potions of stabbing {unknown}
 p - a potion of lignification {unknown}
 w - 2 potions of flight {unknown}
 B - a potion of haste
 C - 3 potions of curing {unknown}
 I - 2 potions of degeneration {unknown}
 P - a potion of invisibility {unknown}
Comestibles
 c - 15 rations


   Skills:
 + Level 6.5 Fighting
 * Level 9.2 Axes
 + Level 4.6 Armour
 + Level 4.4 Dodging
 - Level 1.5 Stealth
 * Level 3.2 Invocations


You had 7 spell levels left.
You didn't know any spells.
Your spell library contained the following spells:

 Spells                   Type           Power        Failure   Level  Hunger
 Shock                    Conj/Air       #...         58%         1    ##.....
 Swiftness                Chrm/Air       #.......     73%         2    ###....
 Static Discharge         Conj/Air       #.......     91%         3    ####...
 Airstrike                Air            #.........   100%        4    #####..
 Lightning Bolt           Conj/Air       #.........   100%        5    ######.


Dungeon Overview and Level Annotations

Branches:
Dungeon (7/15)             Temple (0/1) D:6

Altars:
Dithmenos
Gozag
Kikubaaqudgha
Makhleb
Nemelex Xobeh
Qazlal
Ru
Trog
Zin
The Shining One


Message History

You barely miss the orc priest.
You hit the orc warrior but do no damage.
The orc priest closely misses you. The orc warrior barely misses you.
The orc priest barely misses you.
You hit the orc priest but do no damage.
You slash the orc warrior!
The orc warrior hits you but does no damage.
The orc priest misses you.
You hit the orc priest but do no damage.
You completely miss the orc warrior.
The orc warrior hits you with a +0 long sword!
* * * LOW HITPOINT WARNING * * *
The orc priest barely misses you.
You hit the orc priest.
The orc priest is moderately wounded.
You hit the orc warrior but do no damage.
The orc priest mumbles some strange prayers to Beogh against you.
Beogh smites you!
You die...
Beogh appreciates the orc priest's killing of a heretic priest.

.....##################
.....(................#
#.##################.##
#.# #.# #.# #.# #.# #.#
#.# #.# #.# ######.##
#.# #o@.....# #.#
#o####### #.# #.# ..#
#.#.o# ..# #.#.o# .>#
#.#.o# ### #.#o.#
#.#..## #.#...


You could see an orc warrior and an orc priest.

Vanquished Creatures
  A spriggan (D:7)
  Menkaure (D:6)
  An orc warrior (D:6)
  3 ogres
  A centaur (D:5)
  2 scorpions (D:6)
  2 howler monkeys
  3 hounds
  Crazy Yiuf (D:5)
  A bullfrog skeleton (D:5)
  An orc priest (D:6)
  A quasit (D:5)
  An iguana (D:6)
  Ijyb (D:5)
  4 worker ants
  A hound skeleton (D:3)
  9 adders
  2 oozes
  An adder zombie (D:5)
  An adder skeleton (D:4)
  A worm (D:2)
  A dart slug (D:1)
  2 leopard geckos (D:4)
  15 orcs
  2 giant cockroaches
  5 hobgoblins
  6 jackals
  4 kobolds
  A quokka (D:3)
  4 bats
  2 frilled lizards
  3 goblins
  9 rats
93 creatures vanquished.

Vanquished Creatures (others)
  An orc priest (D:6)
  A hound (D:6)
  3 orc wizards (D:6)
  A worker ant (D:6)
  2 orcs (D:6)
8 creatures vanquished.

Grand Total: 101 creatures vanquished

Notes
Turn   | Place    | Note
-------+----------+-------------------------------------------
     0 | D:1      | Gwenloh the Hill Orc Monk began the quest for the Orb.
     0 | D:1      | Reached XP level 1. HP: 19/19 MP: 1/1
   166 | D:1      | Reached XP level 2. HP: 18/27 MP: 2/2
   984 | D:2      | Reached skill level 1 in Armour
   999 | D:2      | Reached XP level 3. HP: 33/33 MP: 3/3
  1043 | D:2      | Reached skill level 5 in Axes
  1150 | D:2      | Reached XP level 4. HP: 40/40 MP: 4/4
  1395 | D:2      | Found a glowing golden altar of the Shining One.
  1395 | D:2      | Found a sparkling altar of Nemelex Xobeh.
  1396 | D:2      | Found an opulent altar of Gozag.
  2024 | D:3      | Reached XP level 5. HP: 28/47 MP: 5/5
  2565 | D:3      | Reached skill level 6 in Axes
  2670 | D:4      | Reached XP level 6. HP: 31/55 MP: 6/6
  2775 | D:4      | Found a bloodstained altar of Trog.
  3430 | D:4      | Found an ancient bone altar of Kikubaaqudgha.
  3468 | D:4      | Found a sacrificial altar of Ru.
  3482 | D:5      | Entered Level 5 of the Dungeon
  3686 | D:5      | Reached skill level 5 in Fighting
  3866 | D:5      | Noticed Ijyb
  3887 | D:5      | Killed Ijyb
  3887 | D:5      | Reached skill level 7 in Axes
  3889 | D:5      | Reached XP level 7. HP: 56/61 MP: 7/7
  4151 | D:5      | Found a shadowy altar of Dithmenos.
  4151 | D:5      | Found a stormy altar of Qazlal.
  4175 | D:5      | Found a runed translucent door.
  4176 | D:5      | Noticed Crazy Yiuf
  4516 | D:5      | Paralysed by Crazy Yiuf for 3 turns
  4522 | D:5      | Killed Crazy Yiuf
  4807 | D:6      | Became a worshipper of Beogh the Brigand
  4807 | D:6      | Reached * piety under Beogh
  4807 | D:6      | Reached ** piety under Beogh
  4819 | D:6      | Noticed Menkaure
  4827 | D:6      | Killed Menkaure
  4827 | D:6      | Reached skill level 8 in Axes
  4830 | D:6      | Reached XP level 8. HP: 34/70 MP: 8/8
  5248 | D:6      | Found a staircase to the Ecumenical Temple.
  5318 | D:6      | Found a burning altar of Makhleb.
  5356 | D:6      | Reached skill level 1 in Invocations
  5642 | D:6      | Reached skill level 9 in Axes
  5933 | D:7      | Noticed a spriggan baker
  5974 | D:7      | Killed a spriggan baker
  6154 | D:7      | Found a glowing silver altar of Zin.
  6249 | D:7      | Killed from afar by an orc priest

Illustrated notes

Levels and vault maps discovered:
D:1:      kennysheep_arrival_seaside, layout_rooms
D:2:      layout_loops_ring, nicolae_overflow_hidden_temple,
          gammafunk_temple_overflow_claw
D:3:      layout_loops_ring, first_ration
D:4:      cheibrodos_old_hovel, layout_loops_cross, lemuel_doored_altar,
          nicolae_ru_path_of_blood, kennysheep_mini
D:5:      layout_basic, grunt_temple_overflow_open, uniq_ijyb,
          uniq_crazy_yiuf_cottage
D:6:      layout_basic, kennysheep_little_box, minmay_temple_entry_wispy,
          hex_large, uniq_menkaure
D:7:      layout_basic, basic_altar, the_bakery

Skill      XL: |  1  2  3  4  5  6  7  8 |
---------------+-------------------------+-----
Armour         | 1 2 3 4 |  4.6
Fighting       | 4 5 6 |  6.5
Axes           | 5 6 7 8 9 |  9.2
Dodging        | 3 4 |  4.4
Invocations    | 3 |  3.2
Stealth        | |  1.5

Action                   |  1- 3 |  4- 6 |  7- 9 || total
-------------------------+-------+-------+-------++-------
Melee: Hand axe          |    59 |   211 |       ||   270
       War axe           |       |    18 |   149 ||   167
 Fire: Hunting sling     |     3 |    90 |    26 ||   119
Throw: Stone             |     4 |       |       ||     4
       Boomerang         |       |     5 |     1 ||     6
       Javelin           |       |       |     4 ||     4
Invok: Convert to Beogh  |       |       |     1 ||     1
       Smiting           |       |       |     1 ||     1
  Use: Scroll            |       |     4 |       ||     4
       Potion            |       |       |     2 ||     2
 Stab: Sleeping          |     3 |     1 |     1 ||     5
  Eat: Chunk             |     1 |     9 |     4 ||    14
       Ration            |       |       |     1 ||     1
Armor: Robe              |     2 |       |       ||     2
       Ring mail         |    13 |    59 |    48 ||   120
Dodge: Dodged            |    27 |   136 |   109 ||   272
